cohdb
Replays
Latest Replays
All Replays
Popular Replays
Top Player Replays
Match Explorer
How It Works
Community
CoH3 Stats
Reddit
Sign in to upload your games and track your stats! →
Sign in with Steam
Special Operations vs Breakthrough
Match 38581041
Overview
Messages
Build Orders
End
Construct Barracks
Selects Special Operations Battlegroup
Selects M29 Weasel Recon Vehicle
M29 Weasel Recon Vehicle
Riflemen Squad
Riflemen Squad
Engineer Squad
Infantry Support Center
Grenade Package
Construct Medical Station
Construct Weapon Support Center
Engineer Squad
Selects Raiding Flares
Selects SSF Commando Squad
M3 Armored Personnel Carrier
SSF Commando Squad
Advanced Logistics
M3 Armored Personnel Carrier
Selects Assault Operation
SSF Commando Squad
Assault Operation
Construct Tank Depot
Selects Mark Vehicle
Selects UNKNOWN (2162291)
Engineer Squad
M4A1 Sherman Medium Tank
Improved M9 Bazooka Rockets
Bazooka Squad
SSF Commando Squad
Assault Operation
M18 Hellcat Tank Destroyer
M18 Hellcat Tank Destroyer
Assault Operation
Selects Mark Vehicle
Mark Vehicle
Engineer Squad
M4(105) Sherman Bulldozer
Assault Operation
Assault Operation
Mark Vehicle
JZuna
2.0
0
0
Comments
sign in to comment!
No comments posted yet!